Description

Roaches, roaches, roaches...

Replay - ZvZ

Build Order

Get SALT Encoding   

  12  0:00  Drone  
  13  0:08  Drone  
  14  0:14  Extractor  
  14  0:15  Drone  
  15  0:23  Overlord  
  15  0:42  Drone  
  16  0:46  Hatchery  
  16  0:49  Drone x2  
  17  0:58  Drone  
  18  1:08  Extractor  
  17  1:12  Spawning Pool  
  17  1:14  Drone x2  
  18  1:27  Drone  
  21  1:59  Queen x2  
  25  2:03  Zergling x2  
  25  2:05  Overlord  
  30  2:35  Queen  
  34  2:40  Lair  
  34  2:44  Overlord  
  35  2:57  Roach Warren, Evolution Chamber x2  
  41  3:33  Zerg Missile Weapons Level 1  
  44  3:37  Glial Reconstitution  
  44  3:44  Extractor x2, Overlord  
  42  3:49  Roach  
  42  3:51  Overlord  
  44  4:04  Roach x3  
  50  4:13  Roach  
  52  4:18  Roach x2  
  56  4:27  Roach x3  
  108  6:26  Hatchery  
Spawning Tool Build Advisor. Get it on Overwolf

Go to:

Details

  • Created by: HontoNoGaikan
  • Published on: Oct 12, 2025
  • Modified on: Oct 12, 2025
  • Patch: 5.0.11
  • Difficulty: Easy
Show
View Real Time Build Order
Export as new Build Order

Comments (0)

There are no comments. Be the first!

Create an account to comment!